 Dungeon Crawl Stone Soup version 0.26.1-11-gd32895ea62 (webtiles) character file.

Game seed: 15974578279442460695

400 buriedalive the Chiller (level 6, 0/32 HPs)
             Began as a Gargoyle Ice Elementalist on July 16, 2021.
             Was an Initiate of Ashenzari.
             Killed from afar by Sigmund (9 damage)
             ... with a puff of flame
             ... on level 4 of the Dungeon.
             The game lasted 00:09:21 (5587 turns).

buriedalive the Chiller (Gargoyle Ice Elementalist) Turns: 5587, Time: 00:09:22

Health: 0/32       AC:  8    Str: 17    XL:     6   Next: 84%
Magic:  4/9        EV: 13    Int: 18    God:    Ashenzari [......]
Gold:   209        SH:  0    Dex: 10    Spells: 2/9 levels left

rFire    . . .     SeeInvis .   y - +2 short sword (drain)
rCold    . . .     Faith    .   (no shield)
rNeg     + . .     Spirit   .   a - +0 robe
rPois    ∞         Reflect  .   v - +0 helmet
rElec    +         Harm     .   (no cloak)
rCorr    .         Rampage  .   (no gloves)
Will     +....                  l - +0 pair of boots
Stlth    ++........             (no amulet)
HPRegen  0.10/turn              n - ring of willpower
MPRegen  0.11/turn              A - +6 ring of strength

@: frozen ramparts
A: negative energy resistance 1, electricity resistance, unbreathing,
petrification resistance, miasma immunity, AC +4
a: Renounce Religion, Curse Item


You were on level 4 of the Dungeon.
You worshipped Ashenzari.
Ashenzari was noncommittal.
You visited 1 branch of the dungeon, and saw 4 of its levels.

You collected 209 gold pieces.

Inventory:

Hand Weapons
 f - a +0 dagger
 y - a +2 short sword of draining (weapon)
Missiles
 d - 213 stones
 i - 8 poisoned darts
 m - 3 datura-tipped darts
 p - 2 atropa-tipped darts
Armour
 a - a +0 robe (worn)
 l - a +0 pair of boots (worn)
 v - a +0 helmet (worn)
Jewellery
 k - an uncursed amulet of guardian spirit
 n - a ring of willpower (left hand)
 A - a +6 ring of strength (right hand)
 C - an uncursed ring of protection from cold
Wands
 D - a wand of polymorph (7)
Scrolls
 c - 2 scrolls of remove curse
 o - a scroll of teleportation
 t - a scroll of fog {unknown}
 u - 2 scrolls of identify
 x - a scroll of amnesia
 z - a scroll of fear
 B - a scroll of blinking {unknown}
 E - 3 scrolls of enchant weapon {unknown}
Potions
 b - a potion of attraction
 e - a potion of magic {unknown}
 g - 6 potions of heal wounds
 h - 6 potions of curing {unknown}
 j - 2 potions of might {unknown}
 q - a potion of resistance {unknown}
 r - a potion of brilliance {unknown}
 s - 2 potions of lignification {unknown}
 w - a potion of invisibility {unknown}


   Skills:
 + Level 4.2 Dodging
 - Level 2.1 Stealth
 - Level 2.0 Spellcasting
 + Level 6.2 Ice Magic


You had 2 spell levels left.
You knew the following spells:

 Your Spells              Type           Power        Failure   Level
a - Freeze                Ice            96%          1%          1
b - Frozen Ramparts       Ice            48%          4%          3
c - Ozocubu's Armour      Ice            24%          4%          3

Your spell library contained the following spells:

 Spells                   Type           Power        Failure   Level
 Hailstorm                Conj/Ice       13%          45%         4
 Summon Ice Beast         Ice/Summ       13%          45%         4


Dungeon Overview and Level Annotations

Branches:
Dungeon (4/15)
 Temple: D:4-7

Altars:
Ashenzari

Annotations:
D:4 1 runed translucent door, Crazy Yiuf, Sigmund


Innate Abilities, Weirdness & Mutations

You are resistant to torment.
Your stone body is resilient. (AC +4)
You are immune to poison.
You resist negative energy. (rN+)
You are resistant to electric shocks. (rElec)
You can survive without breathing.
You are immune to petrification.
You are immune to miasma.


Message History

The wall freezes something!
Something hits you!
The wall freezes something.
Unknown command.
The wall freezes something.
Something hits you.
The wall freezes something.
Something hits you but does no damage.
Unknown command.
The frozen ramparts melt away.
Something hits you. Something hits you!
* * * LOW HITPOINT WARNING * * *
Found a scroll labelled OCAICI HISAO.
Casting: Frozen Ramparts (dangerous; 4% risk of failure)
Confirm with . or Enter, or press ? or * to list all spells.
Casting: Frozen Ramparts (dangerous; 4% risk of failure)
Press: ? - help, Dir - look around, f - activate The walls around you are covered in ice.
The wall freezes something.
You hear some strange, mumbled words.
A puff of flame appears from out of thin air!
The puff of flame hits you!
You die...

#.#.# #.#.#
#.#.# #.#.#
##.#.# ##....#
###.....##
#........#
#@#.....##
#..?..{##...##
#.########.##
#.# #.# #.#
#.# #.# #.#


There were no monsters in sight!

Vanquished Creatures
  2 hounds (D:4)
  A centaur skeleton (D:4)
  An iguana (D:4)
  Natasha (thrice) (D:4)
  A worker ant (D:4)
  Robin (D:3)
  5 adders
  An ooze (D:4)
  4 worms
  4 dart slugs
  5 leopard geckos
  7 orcs
  A ball python (D:3)
  9 giant cockroaches
  9 goblins
  16 hobgoblins
  5 kobolds
  A quokka (D:2)
  6 bats
  16 frilled lizards
  8 rats
106 creatures vanquished.

Notes
Turn   | Place    | Note
-------+----------+-------------------------------------------
     0 | D:1      | buriedalive the Gargoyle Ice Elementalist began the quest
                  | for the Orb.
     0 | D:1      | Reached XP level 1. HP: 10/10 MP: 3/3
   536 | D:1      | Reached XP level 2. HP: 15/15 MP: 1/5
  1443 | D:2      | Reached XP level 3. HP: 19/19 MP: 0/6
  1742 | D:2      | Learned a level 3 spell: Frozen Ramparts
  2236 | D:2      | Reached XP level 4. HP: 24/24 MP: 0/7
  2759 | D:2      | Found a broken altar of Ashenzari.
  3006 | D:2      | Became a worshipper of Ashenzari the Shackled
  3137 | D:3      | Reached skill level 5 in Ice Magic
  3424 | D:3      | Noticed Robin
  3442 | D:2      | Reached XP level 5. HP: 28/28 MP: 1/8
  3608 | D:2      | Learned a level 3 spell: Ozocubu's Armour
  3625 | D:3      | Killed Robin
  3768 | D:3      | Found a glowing drain.
  4649 | D:4      | Found a runed translucent door.
  4650 | D:4      | Noticed Crazy Yiuf
  4713 | D:4      | Noticed Natasha
  4720 | D:4      | Killed Natasha
  4748 | D:4      | Noticed Natasha
  4761 | D:4      | Killed Natasha
  4814 | D:4      | Noticed Natasha
  4818 | D:4      | Killed Natasha
  4819 | D:4      | Reached XP level 6. HP: 32/32 MP: 5/9
  5085 | D:4      | Reached skill level 6 in Ice Magic
  5577 | D:4      | Noticed Sigmund
  5587 | D:4      | Killed from afar by Sigmund

Illustrated notes

Levels and vault maps discovered:
D:1:      psy_arrival_whirlpool, layout_basic
D:2:      wander_river, layout_rooms, nicolae_ashenzari_panopticon,
          chequers_decorated_corner, minmay_lizard_pond
D:3:      layout_loops_ring, portal_sewer_entry_f, uniq_robin
D:4:      layout_loops_ring, uniq_crazy_yiuf_cottage, uniq_sigmund, uniq_natasha

Skill      XL: |  1  2  3  4  5  6 |
---------------+-------------------+-----
Dodging        | 2 3 4 |  4.2
Ice Magic      | 5 6 |  6.2
Stealth        | |  2.1
Spellcasting   | |  2.0

Action                   |  1- 3 |  4- 6 || total
-------------------------+-------+-------++-------
Melee: Unarmed           |     4 |       ||     4
       Dagger            |    22 |    74 ||    96
       Short sword       |       |    41 ||    41
 Cast: Freeze            |    47 |    61 ||   108
       Frozen Ramparts   |     1 |    16 ||    17
       Ozocubu's Armour  |       |     1 ||     1
  Use: Scroll            |     3 |     2 ||     5
 Stab: Sleeping          |     1 |     3 ||     4
Armor: Robe              |    26 |    41 ||    67
Dodge: Dodged            |    50 |   107 ||   157
